AoeStats
← IVC | Daaan

Lombardia

509323451Analyzed
4v4 RM · 7d ago on Sep 26, 2026· 41m 51s· 8 players
Game mode
Random Map
Map size
Large (8 player)
Population
200
Speed
Normal
Resources
Standard
Victory
Conquest
Starting age
Dark Age
Ending age
Imperial Age
RankedLock teamsTeams togetherTeam positionsShared explorationLock speedFull tech treeHidden civsTurbo modeCheats
Victory
Defeat
🇸🇰 Maya · Slovakia
1457
+15
🇫🇷 Mongols · France
1455
+15
🇨🇳 Franks · China
1450
+15
🇨🇳 Varangians · China
1366
+18
🇺🇸 Magyars · United States
1550
-21
🇹🇷 Bulgarians · Türkiye
1400
-15
🇧🇷 Danes · Brazil
1387
-14
🇳🇿 Ethiopians · New Zealand
1353
-13
徽sir
9:19 Feudal Age
10:13 Double-Bit Axe
18:51 Castle Age
17:42 Scale Barding Armor
18:39 Forging
21:44 Chain Barding Armor
25:19 Wheelbarrow
25:34 Bow Saw
27:47 Iron Casting
27:53 Hand Cart
27:49 Loom
32:57 Imperial Age
30:54 Husbandry
31:08 Town Watch
31:26 Gold Mining
31:29 Stone Mining
34:18 Plate Barding Armor
34:30 Gold Shaft Mining
33:31 Cavalier
35:48 Plate Barding Armor
35:14 Paladin
37:31 Blast Furnace
38:12 Conscription
37:54 Chivalry
Yupy
7:54 Feudal Age
8:35 Loom
9:21 Double-Bit Axe
12:17 Horse Collar
18:52 Wheelbarrow
22:08 Castle Age
23:07 Bow Saw
22:58 Heavy Plow
22:59 Fletching
25:09 Gold Mining
28:46 Bodkin Arrow
29:23 Stone Mining
31:40 Husbandry
32:52 Hand Cart
33:35 Bloodlines
34:16 Ballistics
36:28 Imperial Age
34:52 Padded Archer Armor
36:23 Thumb Ring
36:27 Scale Barding Armor
36:32 Elite Mangudai
36:47 Capped Ram
37:43 Bracer
38:31 Conscription
39:15 Chemistry
38:53 Chain Barding Armor
39:33 Parthian Tactics
38:59 Siege Ram
39:18 Light Cavalry
40:33 Forging
41:07 Drill
42:10 Leather Archer Armor
42:31 Iron Casting
41:18 Hussar
IVC | Daaan
0:27 Loom
10:38 Feudal Age
14:28 Double-Bit Axe
18:49 Horse Collar
21:28 Fletching
27:22 Castle Age
25:26 Stone Mining
26:28 Town Watch
26:56 Gold Mining
28:30 Bow Saw
28:34 Heavy Plow
31:09 Wheelbarrow
32:14 Padded Archer Armor
33:20 Bodkin Arrow
34:04 Thumb Ring
冰凝
8:44 Loom
10:29 Feudal Age
15:25 Castle Age
14:08 Double-Bit Axe
18:38 Gold Mining
19:51 Scale Mail Armor
21:14 Squires
24:04 Forging
30:38 Wheelbarrow
33:44 Imperial Age
Lastmantillidie
6:15 Loom
9:29 Feudal Age
10:24 Double-Bit Axe
11:55 Horse Collar
13:05 Scale Barding Armor
19:38 Wheelbarrow
24:36 Castle Age
24:06 Bloodlines
23:54 Fletching
24:34 Gold Mining
25:27 Bodkin Arrow
25:59 Bow Saw
26:02 Husbandry
26:47 Padded Archer Armor
29:42 Ballistics
29:45 Leather Archer Armor
32:13 Thumb Ring
35:24 Stone Mining
36:13 Town Watch
40:25 Imperial Age
40:11 Hand Cart
[ GG ] SHAKA
1:59 Loom
2:12 Loom
11:04 Feudal Age
17:26 Horse Collar
17:35 Double-Bit Axe
21:41 Gold Mining
25:07 Castle Age
23:32 Arson
25:14 Stone Mining
26:20 Bow Saw
25:35 Pikeman
26:04 Gambesons
26:20 Squires
31:30 Heavy Plow
33:00 Stone Shaft Mining
33:56 Wheelbarrow
35:20 Gold Shaft Mining
36:24 Hand Cart
36:03 Hamask
37:15 Caravan
41:19 Imperial Age
40:03 Scale Mail Armor
Far King Noob
5:27 Loom
11:13 Feudal Age
19:05 Castle Age
20:39 Wheelbarrow
21:21 Gold Mining
22:52 Fletching
23:02 Padded Archer Armor
23:08 Padded Archer Armor
26:39 Ballistics
26:00 Crossbowman
26:59 Bodkin Arrow
28:11 Leather Archer Armor
27:48 Double-Bit Axe
30:18 Bow Saw
35:49 Thumb Ring
42:31 Imperial Age
monster
3:13 Loom
4:20 Loom
12:07 Feudal Age
15:05 Scale Mail Armor
15:16 Forging
24:09 Castle Age
22:15 Horse Collar
22:23 Double-Bit Axe
28:08 Scale Barding Armor
28:39 Iron Casting
31:20 Chain Mail Armor
36:03 Wheelbarrow
37:03 Chain Barding Armor
Connection lost

Rejoining the realm…

Still unreachable

The connection could not be restored.

Session expired

The server has moved on; the page needs a fresh start.